 Dungeon Crawl Stone Soup version 0.20.1-1-g8b1a95d (webtiles) character file.

42 Knicklaso the Skirmisher (level 3, 0/37 HPs)
             Began as an Ogre Warper on July 23, 2017.
             Succumbed to an adder's poison
             ... on level 1 of the Dungeon.
             The game lasted 00:05:05 (1270 turns).

Knicklaso the Skirmisher (Ogre Warper)              Turns: 1270, Time: 00:05:06

Health: 0/37       AC:  3    Str: 16    XL:     3   Next: 54%
Magic:  6/6        EV: 10    Int: 19    God:
Gold:   39         SH:  0    Dex:  8    Spells: 7/7 levels left

rFire    . . .     SeeInvis .   i - +0 dagger (venom)
rCold    . . .     Gourm    .   (no shield)
rNeg     . . .     Faith    .   b - +0 robe
rPois    .         Spirit   .   (helmet restricted)
rElec    .         Reflect  .   (no cloak)
rCorr    .         Harm     .   (gloves unavailable)
MR       .....                  (boots unavailable)
Stlth    +.........             (no amulet)
Regen    0.2/turn               (no ring)
MPRegen  0.1/turn               (no ring)

@: brilliant, lethally poisoned (0 -> -2)
A: unfitting armour, tough skin 1
a: no special abilities


You were on level 1 of the Dungeon.
You were not hungry.

You visited 1 branch of the dungeon, and saw 2 of its levels.

You collected 39 gold pieces.

Inventory:

Hand Weapons
 a - a +0 mace
 i - a +0 dagger of venom (weapon)
Missiles
 e - 5 tomahawks of dispersal (quivered)
Armour
 b - a +0 robe (worn)
Scrolls
 d - a scroll of blinking
 k - a scroll of remove curse {unknown}
Potions
 j - 2 potions of agility
Books
 c - a book of Spatial Translocations

   Spells                             Type                      Level
   a - Blink                          Translocation                2
   b - Shroud of Golubria             Charms/Translocation         2
   c - Lesser Beckoning               Translocation                3
   d - Gell's Gravitas                Translocation                3
   e - Teleport Other                 Translocation                3
   f - Passage of Golubria            Translocation                4
Comestibles
 f - a bread ration
 h - 3 chunks of flesh
 l - 3 fruits


   Skills:
 + Level 3.2 Fighting
 * Level 2.4 Maces & Flails
 * Level 2.1 Throwing
 - Level 2.1 Dodging
 + Level 2.6 Spellcasting
   Level 2.6 Translocations


You had 7 spell levels left.
You didn't know any spells.

Dungeon Overview and Level Annotations

Branches:
Dungeon (2/15)

Altars:


Innate Abilities, Weirdness & Mutations

You are too large for most types of armour.
You have tough skin. (AC +1)


Message History

The kobold is moderately wounded.
The adder barely misses you. x2; The kobold misses you.
You hit the kobold.
The kobold is heavily wounded.
The adder closely misses you.
You closely miss the adder.
The adder is almost dead.
* * * LOW HITPOINT WARNING * * *
You feel sick. The kobold hits you but does no damage.
The adder bites you but does no damage.
You closely miss the adder.
The adder is almost dead.
You kill the adder!
The kobold closely misses you.
You hit the kobold but do no damage.
The kobold is poisoned.
The kobold is heavily wounded.
The kobold barely misses you.
You hit the kobold.
You kill the kobold!
You die...

.# #.#....# #.....# .# #.#....#
#########.# .#####.#....# #.....#
#.# .......#....# ##.###.# #.#
########....####...##.# #.# ..#
##.....##...##.###.# ..#
#.....##..........#
..#######.....##...##.#########
..............).@†.(...>......##
#########..÷.>##.).#....)P..P..♣#
.)............##...#....P..P≈≈...
############.#######...♣...≈♣≈≈..
...# #........###.P..P.♣≈≈≈≈♣.
...######....§≈...).....♣♣≈≈≈≈≈..
≈§..........§≈....###.♣.≈≈≈♣≈≈..P
≈≈≈§.§....≈≈§≈....# ##..P..≈.....
§§≈≈≈...≈≈≈≈§.....# ###..♣P....#


There were no monsters in sight!

Vanquished Creatures
  An adder (D:1)
  A worm (D:1)
  2 leopard geckos (D:1)
  7 bats (D:1)
  3 goblins (D:1)
  4 hobgoblins (D:1)
  2 frilled lizards (D:1)
  5 kobolds (D:1)
  2 rats (D:1)
27 creatures vanquished.

Notes
Turn   | Place    | Note
-------+----------+-------------------------------------------
     0 | D:1      | Knicklaso the Ogre Warper began the quest for the Orb.
     0 | D:1      | Reached XP level 1. HP: 22/22 MP: 3/3
   101 | D:1      | Reached skill level 3 in Fighting
   109 | D:1      | Reached XP level 2. HP: 21/31 MP: 5/5
  1064 | D:1      | Reached XP level 3. HP: 34/37 MP: 6/6
  1264 | D:1      | HP: 1/37 [poisoned by an adder]
  1270 | D:1      | Succumbed to an adder's poison

Skill      XL: |  1  2 |
---------------+-------+-----
Fighting       | 3 |  3.2
Maces & Flails | 2 |  2.4
Throwing       | 2 |  2.1
Dodging        | |  2.1
Spellcasting   | |  2.6
Translocations | |  2.6

Action                   || total
-------------------------++-------
Melee: Mace              ||    29
       Dagger            ||    73
  Use: Potion            ||     1
  Eat: Chunk             ||     1
Armor: Robe              ||    53
Dodge: Dodged            ||    86
